 Dungeon Crawl Stone Soup version 0.29.1-12-g30fa7ad0bf (webtiles) character file.

Game seed: 18428377234091799585

9 MajorAdolf the Ducker (level 2, -1/25 HPs)
             Began as a Naga Wanderer on Dec 23, 2022.
             Slain by a goblin
             ... wielding a +0 club
              (2 damage)
             ... on level 1 of the Dungeon.
             The game lasted 00:00:39 (248 turns).

MajorAdolf the Ducker (Naga Wanderer)                Turns: 248, Time: 00:00:40

Health: -1/25      AC:  2    Str: 13    XL:     2   Next: 12%
Magic:  3/3        EV: 10    Int: 11    God:
Gold:   20         SH:  0    Dex: 12    Spells: 3/3 levels left

rFire   . . .      SeeInvis +   a - +0 club
rCold   . . .      Faith    .   (no shield)
rNeg    . . .      Spirit   .   e - +0 leather armour
rPois   +          Reflect  .   (no helmet)
rElec   .          Harm     .   (no cloak)
rCorr   .          Rampage  .   (no gloves)
Will    .....                   (no barding)
Stlth   +.........              (no amulet)
HPRegen 0.08/turn               (no ring)
MPRegen 0.08/turn               (no ring)

@: short of breath, very slow
A: AC +0, large, see invisible, deformed body, poison resistance, slowness 2,
spit poison 1, naga tail 1
a: Spit Poison


You were on level 1 of the Dungeon.
You visited 1 branch of the dungeon, and saw 1 of its levels.

You collected 20 gold pieces.

Inventory:

Hand Weapons
 a - a +0 club (weapon)
Missiles
 b - 2 throwing nets
Armour
 e - a +0 leather armour (worn)
Scrolls
 c - a scroll of fog
 d - a scroll of vulnerability
Potions
 f - a potion of curing {unknown}


   Skills:
 + Level 1.1 Fighting
 + Level 1.6 Armour
 + Level 3.3 Dodging
 + Level 1.1 Spellcasting
 + Level 1.2 Transmutations
 + Level 1.2 Evocations


You had 3 spell levels left.
You didn't know any spells.
Your spell library contained the following spells:

 Spells                   Type           Power      Damage    Failure   Level
 Wereblood                Tmut           3%         N/A       36%         2
 Passwall                 Tmut/Erth      1%         N/A       43%         2


Dungeon Overview and Level Annotations

Branches:
Dungeon (1/15)

Altars:


Innate Abilities, Weirdness & Mutations

Your serpentine skin is tough. (AC +0)
You have supernaturally acute eyesight. (SInv)
Armour fits poorly on your strangely shaped body.
Your system is resistant to poisons. (rPois)
You cover ground very slowly.
You can spit poison.
You have a snake-like lower body.


Message History

The jackal closely misses you.
The jackal bites you but does no damage.
You hit the jackal but do no damage.
The jackal is lightly wounded.
The jackal closely misses you. The jackal barely misses you.
You miss the jackal.
The jackal is lightly wounded.
The jackal bites you. x2
* * * LOW HITPOINT WARNING * * *
You hit the jackal.
The jackal is severely wounded.
You have got your breath back.
The jackal closely misses you.
Aiming: Spit Poison (2% risk of failure)
Press: ? - help, Shift-Dir - straight line, f/p - jackal
Aim: a jackal (severely wounded, 50% to hit)
The splash of poison hits the jackal!
The jackal is poisoned.
You kill the jackal!
Unknown command.
You barely miss the rat. The rat closely misses you.
You hit the rat.
You kill the rat!
You closely miss the goblin. The goblin hits you with a +0 club.
* * * LOW HITPOINT WARNING * * *
The goblin barely misses you.
You have got your breath back.
Aiming: Spit Poison (2% risk of failure)
Press: ? - help, Shift-Dir - straight line, f - goblin
Aim: a goblin, wielding a +0 club (50% to hit)
The splash of poison hits the goblin.
The goblin is poisoned.
The goblin is moderately wounded.
The goblin hits you but does no damage.
Unknown command.
The goblin attacks as you move away! The goblin hits you with a +0 club.
* * * LOW HITPOINT WARNING * * *
The goblin hits you with a +0 club.
* * * LOW HITPOINT WARNING * * *
Unknown command.
The goblin attacks as you move away! The goblin hits you with a +0 club.
You die...

########...#.# #.#.
.............# #.#.
.#######...#.# #... .
#...#.#.########.#†
.##.####................#.
...........#...####.......
.###.###...###.####.).....
#................†..#..
##....@..###..##....##.
#.....g..# ##.......###
P.P#.......# ##...#### #
.P. ##..#.#.# ...... ## ..
...#.#†#.# .###....###.
......#.#.#$.. .........
.....#.#.. .. ##....###.
P.P# ..... .#. . ## P..
##..## ## #


You could see a goblin (poisoned).

Vanquished Creatures
  An endoplasm (D:1)
  A giant cockroach (D:1)
  2 jackals (D:1)
  A ball python (D:1)
  A bat (D:1)
  A frilled lizard (D:1)
  A kobold (D:1)
  A rat (D:1)
9 creatures vanquished.

Notes
Turn   | Place    | Note
-------+----------+-------------------------------------------
     0 | D:1      | MajorAdolf the Naga Wanderer began the quest for the Orb.
     0 | D:1      | MajorAdolf set off with the following items: a +0 club, 3
                  | throwing nets, a scroll of fog, a scroll of vulnerability,
                  | a +0 leather armour; and the following spells available to
                  | memorise: Wereblood, Passwall.
     0 | D:1      | Reached XP level 1. HP: 18/18 MP: 2/2
   231 | D:1      | Reached XP level 2. HP: 16/25 MP: 3/3
   247 | D:1      | HP: 1/25 [goblin/+0 club (3)]
   248 | D:1      | Slain by a goblin

Illustrated notes

Levels and vault maps discovered:
D:1:      roderic_crossed_star, layout_rooms, shapermc_ecumenical_altar_gd,
          chequers_big_river, minivault_27, minmay_misc_feat_nine_boxes,
          solitary_fountain

Action                   || total
-------------------------++-------
Melee: Club              ||    25
Throw: Throwing net      ||     1
 Abil: Spit Poison       ||     8
Armor: Leather armour    ||    16
Dodge: Dodged            ||    20
